 Dungeon Crawl Stone Soup version 0.31-a0-319-g4fced400ed (webtiles) character file.

Game seed: 4354663590270595219

2735 zero the Grappler (level 9, -7/88 HPs)
             Began as a Troll Shapeshifter on July 18, 2023.
             Was a Priest of Okawaru.
             Shot with an arrow by a centaur warrior (28 damage)
             ... on level 8 of the Dungeon.
             The game lasted 00:06:05 (5480 turns).

zero the Grappler (Troll Shapeshifter)              Turns: 5480, Time: 00:06:06

Health: -7/88      AC:  4    Str: 31    XL:     9   Next: 40%
Magic:  6/8        EV: 29    Int:  4    God:    Okawaru [***...]
Gold:   397        SH:  0    Dex: 20    Spells: 8/8 levels left

rFire   . .          .
                       - Unarmed
rCold   . . .        (no shield)
rNeg    . . .        a - +0 animal skin
rPois   .            (helmet currently unavailable)
rElec   .            E - melded +2 cloak
rCorr   .            (gloves unavailable)
SInv    .            (boots unavailable)
Will    .....        u - amulet of the acrobat
Stlth   +++          h - +6 ring of strength
HPRegen 1.14/turn    r - +6 ring of dexterity
MPRegen 0.11/turn

%: acrobat
@: beast-form, heroic, acrobatic
A: beast (slay +4), large, unfitting armour, claws 3, regeneration 1, shaggy fur
1, tough skin 1
a: Begin Untransformation, Renounce Religion, Heroism


You were on level 8 of the Dungeon.
You worshipped Okawaru.
Okawaru was most pleased with you.
You were a hulking beast.
You visited 2 branches of the dungeon, and saw 9 of its levels.

You collected 397 gold pieces.

Inventory:

Missiles
 w - 4 curare-tipped darts
Armour
 a - a +0 animal skin (worn)
 E - a +2 cloak (melded)
Jewellery
 h - a +6 ring of strength (left claw)
 o - a ring of willpower
 r - a +6 ring of dexterity (right claw)
 u - an amulet of the acrobat (around neck)
Talismans
 c - a beast talisman
 m - a blade talisman
 t - a serpent talisman
Wands
 y - a wand of polymorph (5)
 C - a wand of flame (15)
 D - a wand of quicksilver (12)
Scrolls
 d - a scroll of fear {unknown}
 e - a scroll of vulnerability {unknown}
 g - a scroll of amnesia {unknown}
 i - 3 scrolls of fog {unknown}
 l - a scroll of brand weapon {unknown}
 p - 2 scrolls of blinking {unknown}
 q - 2 scrolls of noise {unknown}
 v - 3 scrolls of teleportation {unknown}
 x - a scroll of acquirement {unknown}
Potions
 b - 3 potions of lignification
 f - 4 potions of curing
 j - 2 potions of mutation
 k - 2 potions of brilliance
 n - 2 potions of invisibility
 s - a potion of magic
 z - a potion of berserk rage {unknown}
 A - 2 potions of attraction
 B - a potion of enlightenment


   Skills:
 - Level 5.0(10.0) Fighting
 - Level 1.5(6.5) Dodging
 - Level 10.0(15.0) Unarmed Combat
 + Level 6.1 Shapeshifting


You had 8 spell levels left.
You didn't know any spells.
Your spell library contained the following spells:

 Spells                   Type           Power      Damage    Failure   Level
 Ensorcelled Hibernation  Hex/Ice        0%         N/A       65%         2
 Passwall                 Tmut/Erth      0%         N/A       65%         2
 Swiftness                Air            0%         N/A       86%         3


Dungeon Overview and Level Annotations

Branches:
Dungeon (8/15)             Temple (1/1) D:4
   Lair: D:8-11

Altars:
Ashenzari
Cheibriados
Dithmenos
Fedhas
Gozag
Hepliaklqana
Kikubaaqudgha
Makhleb
Nemelex Xobeh
Okawaru
Qazlal
Ru
Sif Muna
Trog
Vehumet
Wu Jian
Xom

Annotations:
D:5 1 runed translucent door, funkygono's ghost, novice MiFi


Innate Abilities, Weirdness & Mutations

You are a hulking beast.
Your limbs bulge with bestial killing power. (Slay +4)
You are too large for most types of armour.
You have claws for hands.
Your natural rate of healing is unusually fast.
You are covered in fur. (AC +1)
You have tough skin. (AC +1)


Message History

You feel sick.
You feel sick.
You feel sick.
You are no longer poisoned.
You open the door.
Found a broken altar of Ashenzari.
There is an open door here.
You open the door.
Found a shadowy altar of Dithmenos.
There is an open door here.
There is an open door here.
A centaur warrior comes into view.
Found a stone staircase leading up.
The centaur warrior shouts!
The centaur warrior wields a +0 shortbow.
The centaur warrior shoots an arrow.
The arrow hits you!!
Found 17 gold pieces.
The centaur warrior shoots an arrow.
The arrow completely misses you.
The centaur warrior shoots an arrow.
The arrow misses you.
The centaur warrior shoots an arrow.
The arrow hits you!
You are too injured to fight recklessly!
You are too injured to fight recklessly!
You are too injured to fight recklessly!
You are too injured to fight recklessly!
You are too injured to fight recklessly!
You are too injured to fight recklessly!
You are too injured to fight recklessly!
You are too injured to fight recklessly!
You are too injured to fight recklessly!
You are too injured to fight recklessly!
You are too injured to fight recklessly!
You are too injured to fight recklessly!
You are too injured to fight recklessly!
You are too injured to fight recklessly!
You gain the combat prowess of a mighty hero.
The centaur warrior shoots an arrow.
The arrow hits you!!
The centaur warrior shoots an arrow.
The arrow hits you!
* * * LOW HITPOINT WARNING * * *
The centaur warrior shoots an arrow.
The arrow hits you!!
You die...

#......#......#.........#...#[..#.#
#......#......#.........#...#...._.
#########..######.####.########.#.#
#### ########.########...#
.....#..............
....#.............. #
#..####.###.####..
.##..###..####.#### ###..
.......h........#.###....
...c.......>.....##_##...
.###..##.##.#...##†..###. #+#
#.####..####'####+ ...
#.##.#...#.## ....# #....'.⌠.'._#
.....# ####.#...#.## ..<$..#
####'#### #...#


You could see a centaur warrior.

Vanquished Creatures
  Maurice (D:8)
  Sigmund (D:3)
  A steam dragon (D:8)
  2 water moccasins
  An orc warrior (D:8)
  2 black bears (D:6)
  A sky beast (D:6)
  An ogre (D:6)
  2 phantoms
  A kobold brigand (D:8)
  2 bullfrogs
  3 wights (D:7)
  4 killer bees (D:7)
  2 howler monkeys (D:8)
  A jelly (D:6)
  A gnoll bouda (D:7)
  An orc priest (D:5)
  2 hounds
  Jessica (D:2)
  3 iguanas
  A sleepcap (D:5)
  Natasha (thrice) (D:3)
  Terence (D:3)
  3 orc wizards
  3 gnolls (D:7)
  6 adders
  A shadow imp (D:7)
  2 white imps
  2 ufetubi
  4 dart slugs
  17 orcs
  6 bats
  7 endoplasms
  A giant cockroach (D:1)
  7 goblins
  4 hobgoblins
  3 jackals (D:3)
  8 kobolds
  6 quokkas
  12 ball pythons
  2 frilled lizards
  3 rats
135 creatures vanquished.

Vanquished Creatures (others)
  A kobold (D:8)
1 creature vanquished.

Grand Total: 136 creatures vanquished

Notes
Turn   | Place    | Note
-------+----------+-------------------------------------------
     0 | D:1      | zero the Troll Shapeshifter began the quest for the Orb.
     0 | D:1      | Reached XP level 1. HP: 19/19 MP: 0/0
   120 | D:1      | Reached XP level 2. HP: 28/28 MP: 1/1
   521 | D:1      | Reached skill level 3 in Unarmed Combat
   955 | D:2      | Reached XP level 3. HP: 35/35 MP: 2/2
  1198 | D:2      | Noticed Jessica
  1202 | D:2      | Killed Jessica
  1203 | D:2      | Reached XP level 4. HP: 44/44 MP: 3/3
  1549 | D:2      | Found a faded altar of an unknown god.
  1670 | D:3      | Noticed Terence
  1681 | D:3      | Killed Terence
  1682 | D:3      | Reached skill level 4 in Unarmed Combat
  1975 | D:3      | Noticed Sigmund
  1995 | D:3      | Noticed Natasha
  2035 | D:3      | Killed Natasha
  2036 | D:3      | Reached XP level 5. HP: 43/47 MP: 4/4
  2039 | D:3      | Noticed Natasha
  2044 | D:3      | Killed Natasha
  2082 | D:3      | Noticed Natasha
  2088 | D:3      | Killed Natasha
  2219 | D:3      | Killed Sigmund
  2220 | D:3      | Reached skill level 5 in Unarmed Combat
  2220 | D:3      | Reached XP level 6. HP: 50/61 MP: 5/5
  2533 | D:4      | Found a staircase to the Ecumenical Temple.
  2549 | Temple   | Entered the Ecumenical Temple
  2579 | Temple   | Became a worshipper of Warmaster Okawaru
  3164 | D:5      | Entered Level 5 of the Dungeon
  3166 | D:5      | Reached XP level 7. HP: 67/67 MP: 6/6
  3268 | D:5      | Reached skill level 6 in Unarmed Combat
  3464 | D:5      | Noticed funkygono's ghost (novice MiFi)
  3468 | D:5      | Found a runed translucent door.
  3518 | D:5      | Reached * piety under Okawaru
  3982 | D:6      | Reached skill level 7 in Unarmed Combat
  4008 | D:6      | Reached XP level 8. HP: 55/78 MP: 7/7
  4010 | D:6      | Reached ** piety under Okawaru
  4313 | D:7      | Reached skill level 8 in Unarmed Combat
  4316 | D:7      | Reached skill level 5 in Shapeshifting
  4616 | D:7      | Reached skill level 5 in Fighting
  4885 | D:7      | Identified the +8 long sword "Giantbane" {protect, Fragile
                  | rC++ Str+6}
  4991 | D:8      | Found a snail-covered altar of Cheibriados.
  5115 | D:8      | Reached XP level 9. HP: 75/87 MP: 5/8
  5118 | D:8      | Reached skill level 9 in Unarmed Combat
  5255 | D:8      | Noticed Maurice
  5265 | D:8      | Killed Maurice
  5265 | D:8      | Reached *** piety under Okawaru
  5374 | D:8      | Found a stormy altar of Qazlal.
  5434 | D:8      | Found a hazy altar of Hepliaklqana.
  5438 | D:8      | Reached skill level 10 in Unarmed Combat
  5459 | D:8      | Found a broken altar of Ashenzari.
  5463 | D:8      | Found a shadowy altar of Dithmenos.
  5476 | D:8      | Noticed a centaur warrior
  5480 | D:8      | Shot with an arrow by a centaur warrior

Illustrated notes

Levels and vault maps discovered:
D:1:      erik_arrival_blinker_ship, layout_loops_corners, grunt_decor_clamped,
          minmay_tetromino_s4
D:2:      layout_basic, serial_glass, glass_columns_a, glass_columns_a,
          glass_columns_a, shapermc_ecumenical_altar_flowoftime,
          minmay_box_of_dots, uniq_jessica
D:3:      layout_basic, uniq_natasha, uniq_sigmund, uniq_terence
D:4:      layout_loops_corners, temple_fountains
D:5:      layout_rooms, hellmonk_ghost_happy_afterlife, corner_web_ring
D:6:      layout_gridville
D:7:      layout_basic, nrook_campfire, hangedman_glass_teeth,
          chequers_serial_rivers_small_3
D:8:      layout_gridville, grunt_temple_overflow_diamond, lemuel_crystal_altar,
          nicolae_qazlal_style_of_elements, hangedman_incinerator, uniq_maurice,
          uniq_joseph
Temple:   minmay_temple_forest_path

Skill      XL: |  1  2  3  4  5  6  7  8  9 |
---------------+----------------------------+-----
Fighting       | 2 3 4 5 |  5.0
Unarmed Combat | 3 4 5 7 8 10 | 10.0
Shapeshifting  | 4 5 6 |  6.1
Dodging        | |  1.5

Action                     |  1- 3 |  4- 6 |  7- 9 || total
---------------------------+-------+-------+-------++-------
  Melee: Unarmed           |    48 |   120 |   138 ||   306
         Punch             |     1 |     4 |     4 ||     9
 Invoke: Heroism           |       |       |     4 ||     4
Ability: Begin Untransform |       |     1 |       ||     1
    Use: Scroll            |       |       |     8 ||     8
         Potion            |       |       |     1 ||     1
   Stab: Sleeping          |       |     5 |       ||     5
 Armour: Animal skin       |    10 |    32 |    48 ||    90
  Dodge: Dodged            |    16 |    59 |    84 ||   159
   Form: Beast             |       |     2 |     2 ||     4
         Blade             |       |     1 |     1 ||     2
                           |       |       |     2 ||     2
         Anaconda          |       |       |     1 ||     1

Table legend: (Time is in decaauts)
 A = Elapsed time spent in this place.
 B = Non-inter-level travel time spent in this place.
 C = Inter-level travel time spent in this place.
 D = Time resting spent in this place.
 E = Time spent auto-exploring this place.
 F = Levels seen in this place.
 G = Mean time per level.
                   A        B        C        D        E       F      G
               +--------+--------+--------+--------+--------+-----+--------+
         Total |   5460 |   5253 |    207 |    439 |   3922 |   9 |  606.7 |
       Dungeon |   5408 |   5243 |    165 |    439 |   3922 |   8 |  676.0 |
        Temple |     51 |     10 |     41 |      0 |      0 |   1 |   51.0 |
               +--------+--------+--------+--------+--------+-----+--------+

Top non-repeatable levels by time:
     D:1: 947 daAuts
     D:4: 815 daAuts
     D:7: 713 daAuts
     D:3: 697 daAuts
     D:5: 662 daAuts
     D:2: 652 daAuts
     D:8: 485 daAuts
     D:6: 433 daAuts
  Temple: 51 daAuts
